 Dungeon Crawl Stone Soup version 0.26-a0-259-g1effd001a9 (webtiles) character file.

Game seed: 16945986652925466685

2929061 Xenophilius the Wrestler (level 27, 289/289 HPs)
             Began as a Troll Abyssal Knight on July 12, 2020.
             Was the Champion of Lugonu.
             Escaped with the Orb
             ... and 5 runes on July 13, 2020!
             The game lasted 07:55:00 (83266 turns).

Xenophilius the Wrestler (Troll Abyssal Knight)    Turns: 83266, Time: 07:55:01

Health: 289/289    AC: 14    Str: 35    XL:     27
Magic:  24/32      EV: 17    Int: 31    God:    Lugonu [******]
Gold:   1128       SH: 34    Dex: 12    Spells: 3/36 levels left

rFire    + + .     SeeInvis +     - Unarmed
rCold    + . .     Faith    .   q - +7 tower shield of Sif Muna's Castigation {rF+ rN+}
rNeg     + . .     Spirit   .   Y - +2 robe "Casorisu" {rF+ Int+5 Dex+3}
rPois    +         Reflect  +   a - +2 hat {MR+}
rElec    +         Harm     .   P - +3 cloak of Paozan {rElec SInv}
rCorr    .                      (gloves unavailable)
MR       ++++.                  (boots unavailable)
Stlth    +.........             J - amulet of reflection
HPRegen  0.98/turn              H - ring of Mulugibba {rF- rC+ Str+7 Int+7}
MPRegen  0.23/turn              d - ring "Bievicoi" {rElec rPois rF+ Str+2 Slay+3, =R}

@: very slightly contaminated
A: large, unfitting armour, claws 3, blurry vision 2, clever 1, fast metabolism
1, magic resistance 1, regeneration 1, shaggy fur 1, tough skin 3, weak 1, wild
magic 1
0: Orb of Zot
}: 5/15 runes: serpentine, barnacled, slimy, silver, abyssal
a: Depart the Abyss, Bend Space, Banish, Corrupt, Enter the Abyss, Brand Weapon
With Distortion, Renounce Religion


You escaped.
You worshipped Lugonu.
Lugonu was exalted by your worship.
You were full.

You visited 11 branches of the dungeon, and saw 57 of its levels.
You visited the Abyss 5 times.
You visited 1 bazaar.
You also visited: Gauntlet and Desolation.

You collected 13032 gold pieces.
You spent 11904 gold pieces at shops.

Inventory:

Missiles
 e - 39 atropa-tipped darts
 l - 70 silver javelins (quivered)
 t - 4 curare-tipped darts
 K - 111 large rocks
 N - 34 throwing nets
 V - 1923 arrows
Armour
 a - a +2 hat of magic resistance (worn)
 p - the +4 dragonskin cloak
   (You took it off Tiamat on level 5 of the Realm of Zot)
 q - the +7 tower shield of Sif Muna's Castigation (worn) {rF+ rN+}
   (You acquired it on level 4 of the Snake Pit)

   It protects you from fire.
   It protects you from negative energy.
 P - the +3 cloak of Paozan (worn) {rElec SInv}
   (You found it in a Gauntlet)

   It insulates you from electricity.
   It lets you see invisible.
 Y - the +2 robe "Casorisu" (worn) {rF+ Int+5 Dex+3}
   (You found it on level 4 of the Shoals)

   It affects your intelligence (+5).
   It affects your dexterity (+3).
   It protects you from fire.
Magical Staves
 b - an uncursed staff of wizardry
Jewellery
 d - the ring "Bievicoi" (right claw) {rElec rPois rF+ Str+2 Slay+3, =R}
   (You bought it in a shop on level 2 of the Orcish Mines)

   [ring of poison resistance]

   It affects your strength (+2).
   It affects your accuracy and damage with ranged weapons and melee attacks
   (+3).
   It protects you from fire.
   It insulates you from electricity.
   It protects you from poison.
 n - the ring of Cuneid {+Blink rPois rC+++ Dex-5 Stlth+}
   (You found it on level 4 of the Realm of Zot)

   [ring of stealth]

   It affects your dexterity (-5).
   It renders you almost immune to cold.
   It protects you from poison.
   It lets you blink.
   It makes you more stealthy.
 E - an uncursed ring of protection from fire
 H - the ring of Mulugibba (left claw) {rF- rC+ Str+7 Int+7}
   (You took it off a yaktaur captain on level 4 of the Vaults)

   [ring of protection from cold]

   It affects your strength (+7).
   It affects your intelligence (+7).
   It makes you vulnerable to fire.
   It protects you from cold.
 J - an amulet of reflection (around neck)
 S - the ring "Kopsyung" {rC- MR+ Int+2 Slay+2}
   (You bought it in a shop on level 13 of the Dungeon)

   [ring of protection from magic]

   It affects your intelligence (+2).
   It affects your accuracy and damage with ranged weapons and melee attacks
   (+2).
   It makes you vulnerable to cold.
   It affects your resistance to hostile enchantments.
Wands
 v - a wand of digging (19)
 B - a wand of disintegration (55)
 Q - a wand of enslavement (16)
 R - a wand of clouds (31)
 W - a wand of paralysis (66)
 X - a wand of iceblast (50)
 Z - a wand of acid (98)
Scrolls
 g - 11 scrolls of blinking
 k - 16 scrolls of teleportation
 m - 34 scrolls of identify
 o - 8 scrolls of fog
 u - 6 scrolls of summoning
 w - 17 scrolls of immolation
 z - 33 scrolls of remove curse
 F - 5 scrolls of fear
 T - a scroll of silence
 U - 2 scrolls of torment
Potions
 h - 20 potions of curing
 i - 16 potions of heal wounds
 j - 5 potions of haste
 r - 10 potions of might
 s - 2 potions of magic
 x - 15 potions of mutation
 A - 2 potions of invisibility
 C - 3 potions of ambrosia
 D - 6 potions of resistance
 G - 7 potions of flight
 L - 5 potions of cancellation
 M - a potion of berserk rage
Miscellaneous
 f - 9 phantom mirrors
 y - a tin of tremorstones (3/3)
 I - 12 boxes of beasts
 O - a phial of floods
Comestibles
 c - 112 rations


   Skills:
 * Level 19.6 Fighting
 * Level 21.1 Throwing
 + Level 14.0 Dodging
 - Level 15.0 Shields
 + Level 23.6 Unarmed Combat
 - Level 5.0 Spellcasting
 - Level 4.0 Hexes
 - Level 9.0 Necromancy
 - Level 7.0 Translocations
 - Level 11.0 Transmutations
 - Level 14.0 Earth Magic
 - Level 14.0 Invocations
 - Level 8.0 Evocations


You had 3 spell levels left.
You knew the following spells:

 Your Spells              Type           Power        Failure   Level
a - Apportation           Tloc           ######       1%          1
b - Lesser Beckoning      Tloc           ######....   1%          3
l - Lee's Rapid Deconstr  Erth           #######...   1%          5
p - Petrify               Tmut/Erth      #######.     1%          4
v - Borgnjor's Vile Clut  Necr/Erth      #######...   2%          5
w - Passwall              Tmut/Erth      #######.     1%          2
B - Blink                 Tloc           N/A          1%          2
N - Sticks to Snakes      Tmut           #######.     1%          2
P - Portal Projectile     Hex/Tloc       ######       3%          3
S - Statue Form           Tmut/Erth      #######..    8%          6

Your spell library contained the following spells:

 Spells                   Type           Power        Failure   Level
 Animate Skeleton         Necr           ######       1%          1
 Beastly Appendage        Tmut           ######       1%          1
 Pain                     Necr           ####         1%          1
 Sandblast                Erth           ######       1%          1
 Sublimation of Blood     Necr           ######....   1%          2
 Gell's Gravitas          Tloc           ######....   1%          3
 Stone Arrow              Conj/Erth      ######       1%          3
 Teleport Other           Tloc           ######..     1%          3
 Vampiric Draining        Necr           ######....   1%          3
 Corona                   Hex            #####..      2%          1
 Corpse Rot               Necr/Air       N/A          2%          2
 Shroud of Golubria       Chrm/Tloc      #####.       3%          2
 Slow                     Hex            #####...     3%          2
 Spider Form              Tmut/Pois      ######....   3%          3
 Confusing Touch          Hex            #####...     5%          3
 Tukima's Dance           Hex            #####...     5%          3
 Ensorcelled Hibernation  Hex/Ice        ####..       6%          2
 Ignite Poison            Fire/Tmut/Pois #####...     6%          3
 Recall                   Summ/Tloc      N/A          6%          3
 Foxfire                  Conj/Fire      ##..         9%          1
 Freeze                   Ice            ##..         9%          1
 Magic Dart               Conj           ##..         9%          1
 Shock                    Conj/Air       ##..         9%          1
 Summon Butterflies       Summ           ##......     9%          1
 Summon Small Mammal      Summ           ##..         9%          1
 Summon Guardian Golem    Hex/Summ       ####....     11%         3
 Call Imp                 Summ           ##......     13%         2
 Poisonous Vapours        Pois/Air       ##....       13%         2
 Searing Ray              Conj           ##....       13%         2
 Swiftness                Chrm/Air       ##......     13%         2
 Call Canine Familiar     Summ           ##......     22%         3
 Conjure Flame            Conj/Fire      ##......     22%         3
 Frozen Ramparts          Ice            ##....       22%         3
 Mephitic Cloud           Conj/Pois/Air  ##......     22%         3
 Ozocubu's Armour         Chrm/Ice       ##......     22%         3
 Static Discharge         Conj/Air       ##......     22%         3
 Animate Dead             Necr           ######....   2%          4
 Dispel Undead            Necr           ######..     2%          4
 Leda's Liquefaction      Hex/Erth       ######....   2%          4
 Blade Hands              Tmut           #######...   3%          5
 Agony                    Necr           ######..     6%          5
 Ice Form                 Ice/Tmut       ######..     9%          4
 Yara's Violent Unravell  Hex/Tmut       ######....   11%         5
 Cause Fear               Hex            #####.....   16%         4
 Iskenderun's Mystic Bla  Conj/Tloc      #####...     19%         4
 Alistair's Intoxication  Tmut/Pois      ######..     22%         5
 Irradiate                Conj/Tmut      ######....   22%         5
 Death Channel            Necr           ######....   28%         6
 Bolt of Magma            Conj/Fire/Erth #####.....   30%         5
 Excruciating Wounds      Chrm/Necr      #####.....   32%         5
 Summon Forest            Summ/Tloc      #####.....   43%         5
 Dispersal                Tloc           ######....   52%         6
 Iron Shot                Conj/Erth      ######....   52%         6
 Airstrike                Air            ##........   56%         4
 Hailstorm                Conj/Ice       ##......     56%         4
 Olgreb's Toxic Radiance  Pois           ##......     56%         4
 Sticky Flame             Conj/Fire      ##......     56%         4
 Summon Ice Beast         Ice/Summ       ##......     56%         4
 Summon Lightning Spire   Summ/Air       ##......     56%         4
 Metabolic Englaciation   Hex/Ice        ####......   63%         5
 Silence                  Hex/Air        ####......   63%         5
 Summon Mana Viper        Hex/Summ       ####....     63%         5
 Eringya's Noxious Bog    Tmut/Pois      ######....   73%         6
 Simulacrum               Ice/Necr       #####.....   85%         6
 Aura of Abjuration       Summ           ##........   88%         5
 Fireball                 Conj/Fire      ##........   88%         5
 Iskenderun's Battlesphe  Conj/Chrm      ##......     88%         5
 Lightning Bolt           Conj/Air       ##........   88%         5
 Summon Demon             Summ           ##........   88%         5
 Darkness                 Hex            #####.....   89%         6
 Invisibility             Hex            #####...     89%         6
 Conjure Ball Lightning   Conj/Air       ##........   100%        6
 Freezing Cloud           Conj/Ice/Air   ##........   100%        6
 Ozocubu's Refrigeration  Ice            ##........   100%        6
 Shadow Creatures         Summ           N/A          100%        6
 Orb of Destruction       Conj           ##........   100%        7
 Ring of Flames           Chrm/Fire      ##........   100%        7
 Spellforged Servitor     Conj/Summ      ##........   100%        7
 Controlled Blink         Tloc           N/A          100%        8
 Discord                  Hex            #####.....   100%        8
 Disjunction              Tloc           ######....   100%        8
 Ignition                 Fire           ##........   100%        8
 Shatter                  Erth           #######...   100%        9
 Tornado                  Air            ##........   100%        9
 Passage of Golubria      Tloc           Unusable     N/A         4

Dungeon Overview and Level Annotations

Branches:
Dungeon (15/15)            Temple (0/1) D:4            Lair (6/6) D:9
 Shoals (4/4) Lair:2        Snake (4/4) Lair:3        Slime (5/5) Lair:6
    Orc (2/2) D:9             Elf (3/3) Orc:2        Vaults (5/5) D:13
  Crypt (3/3) Vaults:2       Tomb (0/3) Crypt:3      Depths (5/5) D:15
    Zot (5/5) Depths:5    Desolation (visited)      Gauntlet (visited)

Altars:
Dithmenos
Elyvilon
Hepliaklqana
Kikubaaqudgha
Qazlal
Ru
Uskayaw
Vehumet
Yredelemnul
Zin
Beogh
Jiyva
Lugonu

Shops:
D:5 ?   D:13 =}}=[   Orc:1 [   Orc:2 [*=(   Elf:2 }   Elf:3 [*   Snake:3 %
Vaults:3 ?   Vaults:4 (   Depths:1 :

Portals:
Hell: Depths:1 Depths:2 Depths:3 Depths:4 Depths:5
Abyss: Depths:1 Depths:4
Pandemonium: Depths:3
Ziggurat: Depths:1

Annotations:
D:7 1 runed translucent door
Elf:2 3 runed translucent doors


Innate Abilities, Weirdness & Mutations

You are too large for most types of armour.
You have claws for hands.
You have a fast metabolism.
Your natural rate of healing is unusually fast.
You are covered in fur. (AC +1)
You have extremely tough skin. (AC +3)
Scrolls take you longer to read.
Your mind is acute. (Int +2)
You are resistant to hostile enchantments. (MR+)
You are weak. (Str -2)
Your spells are a little harder to cast, but a little more powerful.


Message History

You are now empty-clawed.
You start resting.
The Brimstone Fiend is too close now for your liking.
You eviscerate the Brimstone Fiend!!!!
The Brimstone Fiend is almost dead.
The Brimstone Fiend hits you but does no damage.
You block the Brimstone Fiend's attack. x2
You mangle the Brimstone Fiend!!
You kill the Brimstone Fiend!
Lugonu accepts your kill.
You revert to your normal fleshy form.
The +2 robe "Casorisu" {rF+ Int+5 Dex+3} unmelds from your body.
(D) Dungeon (T) Temple (L) Lair (A) Shoals (P) Snake Pit (M) Slime Pits (O) Orcish Mines (E) Elven Halls (V) Vaults (C) Crypt (W) Tomb (U) Depths (H) Hell (Z) Zot
Where to? (Enter - D:1 @ (x,y), ? - help)
There is an open door here.
There is a staircase leading out of the dungeon here.
You have escaped!

..........# #...#.######...##..#.
......#...# #####.# ##..##..##
......#...#######.########.##..##
......+........................##
.[....##.##..#######........##.##
......##.##..#######.........#.##
......##.##..##...##...........##
#.######.##..##...##.............
.........##..##.@.##..)..........
###########..##...####...........
.....# #..##...# #...........
####.# ###..###'## #...........
####'####....###.#####...........
#..........⌠.........#...........
#....................).........##
#........#####.#####.#.........1.
#........#####'######..........##


There were no monsters in sight!

Vanquished Creatures
  the Royal Jelly (Slime:5)
  Tiamat (Zot:5)
  3 orbs of fire (Zot:5)
  Mara (Vaults:4)
  Mennas (Vaults:5)
  12 ancient liches
  A juggernaut (Depths:2)
  Boris (4 times) (Vaults:2 Crypt:1 Crypt:3 Vaults:3)
  3 Killer Klowns (Zot:5)
  Saint Roka (Orc:2)
  Vashnia (Snake:2)
  Bai Suzhen (Depths:1)
  11 golden dragons
  The ghost of Liqia the Phalangite, a veteran DsWn of Trog (Depths:3)
  2 golden dragons (shapeshifter)
  Nikola (Shoals:1)
  Xtahua (Vaults:5)
  2 bone dragons
  A Tzitzimitl (Zot:5)
  6 electric golems
  A Brimstone Fiend (D:1)
  The ghost of Yorgos the Sharpshooter, an adept CeFi of Okawaru (Depths:3)
  22 tentacled monstrosities
  25 Orb Guardians (Zot:5)
  Rupert (D:13)
  3 deep elf blademasters
  Asterion (Depths:1)
  7 liches
  7 quicksilver dragons
  7 titans
  3 krakens
  21 acid blobs
  4 tentacled starspawn
  2 deep elf master archers (Elf:3)
  3 death cobs
  2 sphinxes
  Frances (Snake:2)
  Polyphemus (Shoals:4)
  Kirke (Shoals:1)
  14 storm dragons
  An ancient champion (Crypt:2)
  4 draconian monks
  14 shadow dragons
  Roxanne (D:14)
  7 tengu reavers
  Ilsuiw (Shoals:3)
  2 storm dragons (shapeshifter) (Depths:4)
  6 azure jellies
  An azure jelly (shapeshifter) (Depths:4)
  14 fire giants
  A revenant (Crypt:2)
  An iron dragon (Depths:4)
  Louise (Abyss:1)
  17 draconian knights
  6 ghost moths
  7 nagarajas (Snake:4)
  11 draconian scorchers
  13 vault wardens
  2 iron dragons (shapeshifter) (Depths:4)
  7 deep elf sorcerers
  An orc warlord (Orc:1)
  12 frost giants
  2 imperial myrmidons (Desolation)
  A ghost moth (shapeshifter) (Vaults:5)
  4 draconian shifters
  A curse skull (Crypt:1)
  4 ghouls
  Aizul (Shoals:4)
  3 draconian stormcallers
  3 deep elf elementalists
  16 stone giants
  A juggernaut skeleton (D:15)
  13 draconian annihilators
  A reaper (Depths:3)
  A caustic shrike skeleton (Crypt:2)
  9 war gargoyles
  17 very ugly things
  15 ironheart preservers
  17 green draconians
  2 entropy weavers
  8 vampire knights
  9 deep elf demonologists
  17 purple draconians
  25 black draconians
  14 deep elf annihilators
  18 yellow draconians
  A dire elephant (shapeshifter) (Depths:4)
  2 lorocyprocas (Depths:4)
  Azrael (Elf:2)
  18 white draconians
  15 red draconians
  2 minotaurs
  An ettin (shapeshifter) (Depths:4)
  23 ettins
  Snorg (Abyss:1)
  7 crystal guardians
  4 eidola (Crypt:2)
  7 deep elf death magi
  6 death oozes
  8 merfolk javelineers
  Josephine (D:14)
  3 spark wasps
  8 fire dragons
  3 jiangshi (Crypt:1)
  6 merfolk impalers (Shoals:4)
  11 ragged hierophants (Desolation)
  3 deep elf high priests
  2 quicksilver dragon skeletons
  15 yaktaur captains
  11 great orbs of eyes
  7 peacekeepers (Desolation)
  11 servants of whispers
  13 ice dragons
  13 rakshasas
  A catoblepas (shapeshifter) (Depths:3)
  Harold (D:8)
  5 spriggan air magi
  37 vault guards
  19 naga warriors
  A catoblepas (Shoals:4)
  3 alligator snapping turtles
  13 centaur warriors
  A caustic shrike simulacrum (Depths:3)
  A two-headed ogre (shapeshifter) (Elf:3)
  Erica (D:10)
  6 anacondas
  20 dancing weapons
  2 merfolk avatars
  2 death knights
  10 deep troll shamans
  4 merfolk aquamancers
  3 death yaks (Shoals:4)
  3 tengu warriors
  7 ogre magi
  3 satyrs
  3 vampire magi
  26 two-headed ogres
  A death yak (shapeshifter) (Vaults:4)
  7 thrashing horrors
  A titan zombie (Crypt:2)
  14 large abominations
  10 deep troll earth magi
  A shock serpent (shapeshifter) (Vaults:5)
  Urug (Lair:4)
  6 shock serpents
  27 naga sharpshooters
  An orc high priest (Orc:2)
  3 soul eaters
  4 spriggan berserkers
  A storm dragon zombie (D:15)
  24 deep elf knights
  3 salamander mystics
  2 wretched stars
  Nergalle (Abyss:1)
  2 spatial maelstroms (Abyss:2)
  8 hell knights
  2 sixfirhies
  A titan skeleton (Crypt:3)
  A storm dragon skeleton (Crypt:1)
  A golden dragon zombie (Crypt:3)
  4 iron trolls
  35 skeletal warriors
  A shadow wraith (Crypt:2)
  2 unseen horrors
  A shadow demon (Abyss:3)
  14 sea snakes
  An unseen horror (shapeshifter) (Vaults:4)
  4 flayed ghosts
  3 glowing orange brains (shapeshifter)
  32 deep trolls
  4 naga ritualists
  21 deep elf archers
  2 orange crystal statues (Abyss:3)
  A tengu zombie (Vaults:1)
  2 wizards
  6 glowing orange brains
  9 mana vipers
  2 wolf spiders (Vaults:3)
  24 ironbrand convokers
  8 phantasmal warriors
  7 orc sorcerers
  16 necromancers
  2 fire giant zombies
  An iron dragon zombie (Crypt:2)
  2 tengu skeletons
  2 anaconda skeletons
  A glowing shapeshifter (Depths:5)
  9 harpies
  A frost giant zombie (D:15)
  10 orc knights
  68 deep elf magi
  3 shining eyes
  An orb spider (Abyss:2)
  2 wolf spider zombies (Crypt:3)
  2 stone giant zombies
  12 salamanders
  2 elephants (shapeshifter)
  7 cyclopes
  7 manticores
  26 fauns
  35 ugly things
  2 oklob plants (Lair:1)
  81 slime creatures
  9 elephants
  2 shadow dragon skeletons
  A worldbinder (Abyss:2)
  21 moths of wrath
  A manticore (shapeshifter) (Vaults:4)
  34 black mambas
  2 smoke demons (Abyss:3)
  6 merfolk sirens
  A dire elephant zombie (Crypt:3)
  2 toenail golems
  2 frost giant skeletons
  A black mamba (shapeshifter) (Vaults:2)
  An apocalypse crab (Abyss:3)
  10 vault sentinels
  5 guardian serpents
  7 centaur skeletons
  3 water nymphs
  20 naga magi
  10 cane toads
  A fire giant skeleton (D:15)
  4 centaur zombies
  A shock serpent skeleton (Crypt:1)
  A water nymph (shapeshifter) (Vaults:5)
  Maggie (D:7)
  An eye of devastation (Slime:4)
  A yaktaur zombie (Vaults:3)
  A cane toad (shapeshifter) (Depths:1)
  4 komodo dragons
  5 kobold demonologists
  7 freezing wraiths
  A catoblepas zombie (Crypt:1)
  2 anaconda simulacra
  5 rime drakes
  An ice devil (Depths:3)
  3 efreet
  38 yaktaurs
  A guardian mummy (D:15)
  2 ancient zymes
  2 tengu conjurers
  A merfolk (shapeshifter) (Depths:3)
  A red devil (Depths:3)
  36 merfolk
  3 meliai (shapeshifter)
  4 meliai (Shoals:1)
  A jumping spider (Vaults:4)
  7 polar bears
  2 queen bees (shapeshifter)
  A troll (shapeshifter) (Vaults:1)
  A queen bee (D:10)
  A jumping spider (shapeshifter) (Vaults:2)
  10 hornets
  3 trolls
  A polar bear (shapeshifter) (D:13)
  4 wind drakes
  A hydra skeleton (Crypt:1)
  70 saltlings
  A tyrant leech (shapeshifter) (Vaults:4)
  4 raiju
  A blink frog (shapeshifter) (Vaults:2)
  2 fire dragon zombies (Crypt:3)
  17 hippogriffs
  A dream sheep (shapeshifter) (Depths:4)
  20 blink frogs
  A fire giant simulacrum (Vaults:2)
  2 air elementals
  10 dream sheep
  9 snapping turtles
  2 ettin zombies
  An ettin skeleton (Crypt:2)
  35 flying skulls
  A meliai zombie (D:13)
  A redback (shapeshifter) (Depths:3)
  A spriggan (shapeshifter) (Vaults:5)
  15 starcursed masses (Abyss:3)
  14 spriggans
  4 redbacks
  7 wraiths
  43 yaks
  3 ynoxinuls
  19 water elementals
  A yak (shapeshifter) (D:15)
  2 vampires (Abyss:3)
  Sigmund (D:4)
  An ice dragon skeleton (Crypt:1)
  A human (shapeshifter) (Vaults:3)
  13 wyverns
  6 fire elementals
  6 hogs (Shoals:1)
  4 golden eyes (Slime:5)
  3 vampire mosquitoes (D:13)
  12 basilisks
  A yaktaur simulacrum (Vaults:3)
  5 chaos spawn
  7 neqoxecs
  2 insubstantial wisps
  Menkaure (D:4)
  2 wargs (Orc:2)
  69 nagas
  3 acid dragons
  A spatial vortex (Abyss:2)
  A swamp worm (shapeshifter) (Depths:4)
  15 water moccasins
  Duvessa (D:5)
  An ogre skeleton (Vaults:1)
  9 porcupines
  A floating eye (Depths:3)
  3 hell hounds
  2 floating eyes (shapeshifter)
  44 orc warriors
  6 black bears
  A cane toad skeleton (Crypt:3)
  A sky beast (shapeshifter) (D:14)
  2 ice beasts
  A hornet zombie (D:15)
  2 sky beasts
  A fire dragon simulacrum (Crypt:1)
  4 phantoms
  An eye of draining (shapeshifter) (Vaults:3)
  14 boggarts
  5 necrophages
  26 ogres
  2 eyes of draining
  31 wolves
  A manticore skeleton (Crypt:3)
  8 centaurs
  9 crocodiles
  2 big kobolds (D:12)
  2 big kobolds (shapeshifter) (Vaults:4)
  9 small abominations
  6 elf zombies
  19 bullfrogs
  Dowan (D:5)
  6 earth elementals
  3 scorpions
  45 killer bees
  2 orc simulacra
  4 electric eels
  10 wights
  A howler monkey (D:14)
  3 crimson imps (Depths:3)
  A raiju skeleton (Crypt:1)
  7 jellies
  4 quasits
  A human simulacrum (Vaults:3)
  6 hounds
  19 orc priests
  28 orc wizards
  Ijyb (D:4)
  3 bullfrog skeletons
  4 iguanas
  An iron imp (Abyss:3)
  A basilisk skeleton (Crypt:1)
  2 hell rats (Lair:1)
  10 worker ants
  2 ogre zombies
  A killer bee zombie (D:9)
  A felid skeleton (Crypt:1)
  A hound zombie (D:5)
  A howler monkey zombie (D:8)
  2 worker ant zombies
  11 gnolls
  A howler monkey skeleton (D:7)
  5 river rats (Lair:1)
  13 adders
  4 shadow imps
  6 white imps
  2 ufetubi
  An adder zombie (D:9)
  A worm (D:2)
  10 dart slugs
  5 leopard geckos
  78 orcs
  11 bats
  A bat zombie (Crypt:1)
  11 giant cockroaches
  13 goblins
  8 hobgoblins
  7 jackals
  7 quokkas
  3 ball pythons
  4 frilled lizards
  A hobgoblin zombie (Crypt:2)
  A jackal skeleton (Crypt:2)
  22 kobolds
  A kobold zombie (Crypt:1)
  A quokka skeleton (Crypt:1)
  A quokka zombie (Crypt:2)
  13 rats
  A butterfly (Lair:3)
  9 plants
  A starspawn tentacle (Abyss:1)
  14 tentacles
2876 creatures vanquished.

Vanquished Creatures (others)
  6 draconian shifters
  A deep elf elementalist (Elf:3)
  A death ooze (Gauntlet)
  A merfolk impaler (Shoals:3)
  2 hydras
  A deep elf archer (Elf:3)
  A mana viper (Snake:4)
  5 vault sentinels
  2 guardian serpents
  A merfolk (Shoals:3)
  2 hornets
  An emperor scorpion simulacrum (Crypt:1)
  A vampire mosquito (D:13)
  A necrophage (Crypt:3)
  4 electric eels (D:6)
  An orc (Orc:2)
  12 fungi
  A lurking horror (Abyss:3)
  96 plants
  13 starspawn tentacles
  28 tentacles
181 creatures vanquished.

Grand Total: 3057 creatures vanquished

Notes
Turn   | Place    | Note
-------+----------+-------------------------------------------
     0 | Abyss:1  | Xenophilius the Troll Abyssal Knight began the quest for
                  | the Orb.
     0 | Abyss:1  | Reached XP level 1. HP: 22/22 MP: 1/1
    46 | D:1      | Escaped the Abyss
   201 | D:1      | Reached XP level 2. HP: 27/29 MP: 2/2
   459 | D:1      | Reached ** piety under Lugonu
   923 | D:1      | Reached XP level 3. HP: 36/36 MP: 3/3
  1100 | D:2      | Reached skill level 3 in Unarmed Combat
  1318 | D:2      | Reached XP level 4. HP: 44/44 MP: 4/4
  2009 | D:3      | Reached *** piety under Lugonu
  2009 | D:3      | Reached XP level 5. HP: 53/53 MP: 5/5
  2186 | D:2      | Reached skill level 4 in Unarmed Combat
  2229 | D:3      | Reached skill level 1 in Throwing
  2785 | D:4      | Found a sacrificial altar of Ru.
  2858 | D:4      | Noticed Ijyb
  2881 | D:4      | Killed Ijyb
  3006 | D:4      | Noticed Sigmund
  3016 | D:4      | Killed Sigmund
  3016 | D:4      | Reached XP level 6. HP: 54/61 MP: 7/7
  3067 | D:4      | Reached skill level 5 in Unarmed Combat
  3092 | D:4      | Found a staircase to the Ecumenical Temple.
  3211 | D:4      | Noticed Menkaure
  3234 | D:4      | Killed Menkaure
  3234 | D:4      | Reached XP level 7. HP: 30/68 MP: 8/8
  3365 | D:4      | Found a stormy altar of Qazlal.
  3913 | D:5      | Entered Level 5 of the Dungeon
  3913 | D:5      | Found a basalt altar of Yredelemnul.
  3969 | D:5      | Reached **** piety under Lugonu
  4098 | D:5      | Found a hide-covered altar of Uskayaw.
  4325 | D:5      | Noticed Duvessa
  4370 | D:5      | Killed Duvessa
  4370 | D:5      | Reached skill level 6 in Unarmed Combat
  4384 | D:5      | Noticed Dowan
  4415 | D:5      | Found a radiant altar of Vehumet.
  4437 | D:5      | Found a transporter.
  4458 | D:5      | Found a transporter.
  4522 | D:5      | Found Tuemycexo's Magic Scroll Boutique.
  4527 | D:5      | Bought a scroll of identify for 28 gold pieces
  4527 | D:5      | Bought a scroll of immolation for 49 gold pieces
  4527 | D:5      | Bought a scroll of identify for 28 gold pieces
  4910 | D:5      | Reached XP level 8. HP: 56/78 MP: 10/10
  5569 | D:6      | Reached skill level 7 in Unarmed Combat
  6005 | D:7      | Found a hazy altar of Hepliaklqana.
  6005 | D:7      | Noticed Maggie
  6019 | D:7      | Killed Maggie
  6039 | D:7      | Reached skill level 5 in Fighting
  6055 | D:6      | Reached skill level 5 in Invocations
  6139 | D:7      | Found a glowing silver altar of Zin.
  6139 | D:7      | Found a runed translucent door.
  6139 | D:7      | Noticed an angel
  6262 | D:7      | Reached XP level 9. HP: 88/88 MP: 11/11
  6352 | D:7      | Found a shadowy altar of Dithmenos.
  6424 | D:7      | Reached skill level 8 in Unarmed Combat
  6491 | D:7      | Found a white marble altar of Elyvilon.
  7631 | D:8      | Reached skill level 5 in Throwing
  7670 | D:8      | Reached skill level 9 in Unarmed Combat
  8285 | D:8      | Noticed a two-headed ogre
  8297 | D:8      | Killed a two-headed ogre
  8297 | D:8      | Reached XP level 10. HP: 98/98 MP: 13/13
  8313 | D:8      | Noticed Harold
  8331 | D:8      | Killed Harold
  8527 | D:8      | Reached skill level 10 in Unarmed Combat
  9175 | D:9      | Found a staircase to the Lair.
  9307 | D:9      | Found a staircase to the Orcish Mines.
 10097 | D:10     | Entered Level 10 of the Dungeon
 10355 | D:10     | Reached skill level 11 in Unarmed Combat
 10355 | D:10     | Reached XP level 11. HP: 100/107 MP: 15/15
 10494 | D:10     | Noticed Erica
 10503 | D:10     | Killed Erica
 10654 | D:10     | Reached ***** piety under Lugonu
 11820 | D:11     | You fall into a shaft and drop 3 floors!
 11831 | D:14     | Noticed a tengu warrior
 11851 | D:14     | Killed a tengu warrior
 11992 | D:14     | Noticed Roxanne
 12086 | D:13     | Found Jach's Jewellery Boutique.
 12089 | D:13     | Bought an uncursed ring of protection from magic for 400
                  | gold pieces
 12100 | D:13     | Reached skill level 12 in Unarmed Combat
 12137 | D:13     | Noticed Snorg
 12140 | D:13     | Banished Snorg
 12178 | D:14     | HP: 1/111 [orc priest/divine providence (15)]
 12355 | D:13     | Found Rutic's Gadget Boutique.
 12412 | D:13     | Noticed Rupert
 12661 | D:12     | Reached XP level 12. HP: 111/119 MP: 14/17
 12836 | D:12     | Got a translucent dagger
 13641 | Lair:1   | Entered Level 1 of the Lair of Beasts
 13655 | Lair:1   | Identified the cursed +2 dagger of the Beast {pain, rElec
                  | rC+ Int+4} (You found it on level 12 of the Dungeon)
 13952 | Lair:1   | Noticed a five-headed hydra
 13954 | Lair:1   | Banished a five-headed hydra
 13960 | Lair:1   | Found a gate leading to a gauntlet.
 13969 | Gauntlet | Entered a Gauntlet
 13969 | Gauntlet | Found a transporter.
 13976 | Gauntlet | Found a transporter.
 13979 | Gauntlet | Found a transporter.
 13980 | Gauntlet | Found a transporter.
 13988 | Gauntlet | Found a transporter.
 13988 | Gauntlet | Noticed a catoblepas
 13991 | Gauntlet | Found a transporter.
 13992 | Gauntlet | Found a transporter.
 14001 | Gauntlet | Found a transporter.
 14003 | Gauntlet | Found a transporter.
 14004 | Gauntlet | Found a transporter.
 14006 | Gauntlet | Noticed a reaper
 14012 | Gauntlet | Found a transporter.
 14015 | Gauntlet | Found a transporter.
 14016 | Gauntlet | Found a transporter.
 14024 | Gauntlet | Found a transporter.
 14033 | Gauntlet | Noticed a death ooze
 14209 | Gauntlet | Got a dazzling cloak
 14221 | Gauntlet | Reached skill level 13 in Unarmed Combat
 14260 | Gauntlet | Identified the +3 cloak of Paozan {rElec SInv} (You found
                  | it in a Gauntlet)
 14282 | Gauntlet | Corrupted Gauntlet
 14282 | Gauntlet | Noticed a starcursed mass
 14282 | Gauntlet | Noticed a starcursed mass
 14287 | Gauntlet | Killed a death ooze
 14503 | Gauntlet | Noticed a minotaur
 14511 | Gauntlet | Killed a minotaur
 16060 | Lair:2   | Learned a level 2 spell: Sticks to Snakes
 16065 | Lair:2   | Learned a level 4 spell: Petrify
 16121 | Lair:2   | Found a staircase to the Shoals.
 16509 | Lair:3   | Noticed Nergalle
 16511 | Lair:3   | Banished Nergalle
 16673 | Lair:3   | Found a staircase to the Snake Pit.
 16724 | Lair:3   | Noticed a five-headed hydra
 16737 | Lair:3   | Banished a five-headed hydra
 16737 | Lair:3   | Reached XP level 13. HP: 130/130 MP: 19/19
 17154 | Lair:3   | Reached skill level 14 in Unarmed Combat
 18127 | Lair:4   | Noticed Urug
 18237 | Lair:4   | Killed Urug
 18536 | Lair:4   | Got a shimmering spear
 18708 | Lair:4   | Identified the +12 spear "Beastslayer" {elec, SInv} (You
                  | found it on level 4 of the Lair of Beasts)
 18930 | Lair:4   | Reached skill level 10 in Invocations
 19974 | Lair:5   | Reached ****** piety under Lugonu
 20053 | Lair:5   | Reached skill level 1 in Earth Magic
 20244 | Lair:5   | Reached skill level 1 in Transmutations
 20329 | Lair:5   | Got a glimmering dagger
 20345 | Lair:5   | Identified the cursed +0 dagger "Tacu" {vorpal, rC+} (You
                  | found it on level 5 of the Lair of Beasts)
 20372 | Lair:6   | Entered Level 6 of the Lair of Beasts
 20693 | Lair:6   | Reached XP level 14. HP: 140/140 MP: 20/20
 20712 | Lair:6   | Found a staircase to the Slime Pits.
 20713 | Lair:6   | Found a viscous altar of Jiyva.
 20752 | Lair:6   | Reached skill level 15 in Unarmed Combat
 21097 | Lair:6   | Reached skill level 10 in Throwing
 21224 | Lair:6   | Reached skill level 1 in Spellcasting
 21309 | Lair:6   | Paralysed by a hornet for 3 turns
 22204 | D:5      | Killed Dowan
 23245 | D:13     | Found Butos's Gadget Emporium.
 23266 | D:13     | Bought the ring "Kopsyung" {rC- MR+ Int+2 Slay+2} for 601
                  | gold pieces
 23392 | Orc:1    | Entered Level 1 of the Orcish Mines
 23907 | Orc:1    | Found Kodior's Armour Boutique.
 23923 | Orc:1    | Bought a +0 tower shield for 58 gold pieces
 24219 | Orc:2    | Entered Level 2 of the Orcish Mines
 24252 | Orc:2    | Found a roughly hewn altar of Beogh.
 24387 | Orc:2    | Found a staircase to the Elven Halls.
 24434 | Orc:2    | Reached skill level 10 in Fighting
 24435 | Orc:2    | Noticed an orc warlord
 24669 | Orc:1    | Killed an orc warlord
 25422 | Orc:2    | Reached skill level 5 in Earth Magic
 26166 | Orc:2    | Found a roughly hewn altar of Beogh.
 26227 | Orc:2    | Noticed Saint Roka
 26262 | Orc:2    | Killed Saint Roka
 26364 | Orc:2    | Found Ofodd's Antique Weapon Shop.
 26366 | Orc:2    | Found Engat's Jewellery Shop.
 26370 | Orc:2    | Found Dealus's General Store.
 26455 | Orc:2    | Found Zuen's Antique Armour Shop.
 26588 | Orc:2    | Bought the ring "Bievicoi" {rElec rPois rF+ Str+2 Slay+3}
                  | for 924 gold pieces
 26730 | D:13     | Found Roklothra's Armour Emporium.
 26872 | D:13     | Noticed Nessos
 26874 | D:13     | Noticed Nessos
 26874 | D:13     | Nessos changed into Nessos the snapping turtle
 26935 | D:13     | Killed Nessos the snapping turtle
 27013 | D:13     | Reached XP level 15. HP: 139/149 MP: 19/22
 27031 | D:13     | Found Ditis's Jewellery Shop.
 27222 | D:13     | Found a gate to the Vaults.
 27973 | D:14     | Reached skill level 5 in Transmutations
 28274 | D:14     | Noticed Josephine
 28658 | D:14     | Killed Roxanne
 28668 | D:14     | Learned a level 6 spell: Statue Form
 28911 | D:14     | Killed Josephine
 28952 | D:15     | Entered Level 15 of the Dungeon
 29008 | D:15     | Identified a scroll of acquirement
 29009 | D:15     | Acquired 1870 gold pieces
 29633 | D:15     | Found a staircase to the Depths.
 30574 | Snake:1  | Entered Level 1 of the Snake Pit
 31871 | Snake:1  | Reached skill level 10 in Earth Magic
 31986 | Snake:1  | Reached XP level 16. HP: 129/158 MP: 18/24
 32540 | Snake:1  | Acquired 1520 gold pieces
 33373 | Snake:2  | Noticed Louise
 33374 | Snake:2  | Cast into level 2 of the Abyss (Louise)
 33565 | Snake:2  | Escaped the Abyss
 33591 | Snake:1  | Banished Louise
 34551 | Snake:2  | Noticed Vashnia
 34943 | Snake:2  | Killed Vashnia
 35221 | Snake:2  | Noticed Frances
 35236 | Snake:2  | Killed Frances
 36760 | Snake:3  | Reached XP level 17. HP: 159/166 MP: 0/25
 36907 | Snake:3  | Found Pesafae's Food Emporium.
 36985 | Snake:3  | Learned a level 2 spell: Blink
 37005 | Snake:4  | Entered Level 4 of the Snake Pit
 37085 | Snake:4  | Acquired the +7 tower shield of Sif Muna's Castigation {rF+
                  | rN+}
 38317 | Snake:4  | Reached skill level 1 in Shields
 38761 | Snake:4  | Got a serpentine rune of Zot
 38974 | Shoals:1 | Entered Level 1 of the Shoals
 38984 | Lair:2   | Reached skill level 10 in Transmutations
 39222 | Shoals:1 | Identified the +10 fustibalus of Untimely Demise {flame,
                  | +Blink +Fly rN+ Int-5}
 39267 | Shoals:1 | Noticed Kirke
 39340 | Shoals:1 | Found a hide-covered altar of Uskayaw.
 39492 | Shoals:1 | Learned a level 1 spell: Apportation
 39500 | Shoals:1 | Noticed Nikola
 39509 | Shoals:1 | Killed Nikola
 39743 | Shoals:1 | Killed Kirke
 40057 | Shoals:2 | Reached skill level 1 in Translocations
 40057 | Shoals:2 | Reached XP level 18. HP: 174/174 MP: 20/26
 40588 | Shoals:2 | Reached skill level 5 in Shields
 40679 | Shoals:3 | Noticed Ilsuiw
 40742 | Shoals:3 | Killed Ilsuiw
 41555 | Shoals:3 | Reached skill level 5 in Spellcasting
 42096 | Shoals:4 | Entered Level 4 of the Shoals
 42122 | Shoals:4 | Noticed Aizul
 42136 | Shoals:4 | Killed Aizul
 42395 | Shoals:4 | Identified the +2 robe of Ufruep {MR+ SInv} (You found it
                  | on level 4 of the Shoals)
 42453 | Shoals:4 | Identified the +2 robe "Casorisu" {rF+ Int+5 Dex+3} (You
                  | found it on level 4 of the Shoals)
 43061 | Shoals:4 | Identified the +3 quarterstaff "Cafudgh" {vorpal, +Rage}
 43369 | Shoals:4 | Noticed Polyphemus
 43380 | Shoals:4 | Killed Polyphemus
 43709 | Shoals:4 | Got a barnacled rune of Zot
 44066 | Elf:1    | Entered Level 1 of the Elven Halls
 44206 | Elf:1    | Reached XP level 19. HP: 182/182 MP: 21/27
 44219 | Elf:1    | Identified Kikubaaqudgha's Reference Book on Evil
 44227 | Elf:1    | Learned a level 5 spell: Borgnjor's Vile Clutch
 44471 | Elf:1    | Reached skill level 1 in Necromancy
 44851 | D:13     | Bought an uncursed amulet of reflection for 330 gold pieces
 45813 | Elf:2    | Noticed Azrael
 45829 | Elf:2    | Killed Azrael
 45851 | Elf:2    | Found Famix's Gadget Shoppe.
 45924 | Elf:2    | Found a runed translucent gate.
 45924 | Elf:2    | Found a runed translucent gate.
 45925 | Elf:2    | Found a runed translucent gate.
 46410 | Elf:3    | Entered Level 3 of the Elven Halls
 46837 | Elf:3    | Found Fom Boi's Assorted Antiques.
 46925 | Elf:3    | Reached skill level 16 in Unarmed Combat
 46995 | Elf:3    | Found Xogeng's Antique Armour Shop.
 47212 | Elf:3    | Identified the +2 buckler of Henotheism {Str+7}
 47383 | Elf:3    | Gained mutation: You are clumsy. (Dex -2) [a neqoxec]
 47447 | Elf:3    | Reached skill level 5 in Dodging
 47883 | Elf:3    | Identified the amulet "Qecubeisk" {Spirit rC+ Str+2} (You
                  | found it on level 3 of the Elven Halls)
 47954 | Elf:3    | Identified the cursed +0 plate armour of Optimism {rElec
                  | MP+9}
 48008 | Elf:3    | Reached XP level 20. HP: 193/193 MP: 11/28
 48391 | D:13     | Killed Rupert
 48465 | Vaults:1 | Entered Level 1 of the Vaults
 48509 | Vaults:1 | Learned a level 2 spell: Passwall
 48515 | Vaults:1 | Learned a level 5 spell: Lee's Rapid Deconstruction
 48548 | Vaults:1 | Reached skill level 5 in Necromancy
 50603 | Vaults:2 | Found a staircase to the Crypt.
 51111 | Vaults:2 | Noticed Boris
 51134 | Vaults:2 | Killed Boris
 51408 | Crypt:1  | Entered Level 1 of the Crypt
 51478 | Crypt:1  | Reached skill level 17 in Unarmed Combat
 51485 | Crypt:1  | Noticed Boris
 51496 | Crypt:1  | Killed Boris
 51867 | Crypt:1  | You fall into a shaft and drop 1 floor!
 51876 | Crypt:2  | Reached XP level 21. HP: 202/202 MP: 17/29
 52647 | Crypt:2  | Found a basalt altar of Yredelemnul.
 53057 | Crypt:3  | Entered Level 3 of the Crypt
 53159 | Crypt:3  | Noticed Boris
 53175 | Crypt:3  | Killed Boris
 53530 | Crypt:3  | Reached skill level 18 in Unarmed Combat
 53701 | Crypt:3  | Found a staircase to the Tomb.
 53891 | Crypt:3  | Noticed an ancient lich
 53897 | Crypt:3  | Found an ancient bone altar of Kikubaaqudgha.
 53899 | Crypt:3  | Killed an ancient lich
 53952 | Crypt:3  | Identified the ring of Caneang {rElec rN+} (You found it on
                  | level 3 of the Crypt)
 53955 | Crypt:3  | Identified the ring "Yzolil" {rElec rC+++ rN+ MR- Dex+3
                  | Slay+5} (You found it on level 3 of the Crypt)
 54398 | Vaults:3 | Reached XP level 22. HP: 214/214 MP: 22/31
 54515 | Vaults:3 | Noticed Boris
 54538 | Vaults:3 | Killed Boris
 54563 | Vaults:3 | Found a ruined gateway.
 54583 | Desolati | Entered the Desolation of Salt
 54831 | Desolati | Identified Zoetwenn's Volume of Dislocated Confrontation
 54839 | Desolati | Learned a level 4 spell: Passage of Golubria
 54841 | Desolati | Identified the cursed +0 robe of a volcano {SInv} (You
                  | found it in the Desolation of Salt)
 55005 | Desolati | Reached skill level 10 in Shields
 55410 | Desolati | Identified the +8 falchion "Wopel" {protect, rC+}
 55410 | Desolati | Identified the cursed ring "Ecwoa" {rElec Str-4}
 55497 | Desolati | Identified Kudeh's Incunabulum of Confrontation
 55616 | Desolati | Reached skill level 19 in Unarmed Combat
 55882 | Desolati | Got a wavering lapis lazuli ring
 55883 | Desolati | Identified the ring "Egoeb" {rF- Int+5 Stlth-} (You found
                  | it in the Desolation of Salt)
 57132 | Abyss:1  | Found a corrupted altar of Lugonu.
 57215 | Abyss:1  | Killed Nergalle
 57265 | Vaults:3 | Escaped the Abyss
 57636 | Vaults:3 | Found Uley's Magic Scroll Shop.
 57648 | Vaults:3 | Bought a scroll of torment for 112 gold pieces
 57979 | Vaults:4 | Found Ihomi's Antique Weapon Shoppe.
 57996 | Vaults:4 | Reached XP level 23. HP: 222/222 MP: 28/32
 58087 | Vaults:4 | Noticed Mara
 58093 | Vaults:4 | Noticed Xenophilius's illusion
 58170 | Vaults:4 | Noticed Xenophilius's illusion
 58271 | Vaults:4 | Killed Mara
 58277 | Vaults:4 | Noticed an ancient lich
 59533 | Vaults:4 | Reached skill level 20 in Unarmed Combat
 60142 | Vaults:4 | Identified the cursed +3 scythe "Batruvad" {pain, Fragile
                  | rF++}
 60148 | Vaults:4 | Identified the ring of Mulugibba {rF- rC+ Str+7 Int+7}
 60225 | Vaults:4 | Identified Sif Muna's Reference Book on the Frostbite and
                  | Toxins
 60324 | Vaults:5 | Entered Level 5 of the Vaults
 60752 | Vaults:4 | Reached skill level 5 in Translocations
 61114 | Vaults:5 | Reached XP level 24. HP: 231/231 MP: 24/32
 61326 | Vaults:5 | Identified the ring "Ydeogot" {Wiz *Contam rPois rC+++
                  | Str+2}
 61883 | Vaults:5 | Gained mutation: Potions are less effective at restoring
                  | your health. [a cacodemon]
 61997 | Vaults:5 | Noticed an ancient lich
 62003 | Vaults:5 | Killed an ancient lich
 62079 | Vaults:5 | Identified the +8 tower shield "Zoci" {rN+++ rCorr Str-2
                  | Dex+7}
 62079 | Vaults:5 | Noticed Mennas
 62107 | Vaults:5 | Killed Mennas
 62237 | Vaults:5 | Identified the +0 leather armour "Deaq" {rC- Str+5 Dex+3}
 62248 | Vaults:5 | Noticed Xtahua
 62280 | Abyss:1  | Killed Louise
 62297 | Abyss:1  | Killed Snorg
 62349 | Vaults:5 | Escaped the Abyss
 62555 | Vaults:5 | Killed Xtahua
 62912 | Vaults:5 | Identified Ivvacaugh's Almanac of Fetching Flames
 63099 | Vaults:5 | Cast into level 3 of the Abyss (a deep elf sorcerer)
 63429 | Abyss:3  | Paralysed by accursed screaming for 1 turns
 63492 | Abyss:3  | Reached XP level 25. HP: 211/241 MP: 24/32
 63538 | Abyss:3  | Got an abyssal rune of Zot
 63571 | Vaults:5 | Escaped the Abyss
 63574 | Vaults:5 | Reached skill level 15 in Throwing
 63713 | Vaults:5 | Lost mutation: You are clumsy. (Dex -2) [potion of
                  | mutation]
 63713 | Vaults:5 | Lost mutation: Potions are less effective at restoring your
                  | health. [potion of mutation]
 63713 | Vaults:5 | Gained mutation: You are resistant to hostile enchantments.
                  | (MR+) [potion of mutation]
 63713 | Vaults:5 | Gained mutation: Your spells are a little harder to cast,
                  | but a little more powerful. [potion of mutation]
 63713 | Vaults:5 | Gained mutation: Your mind is acute. (Int +2) [potion of
                  | mutation]
 63761 | Vaults:5 | Learned a level 3 spell: Lesser Beckoning
 63913 | Vaults:5 | Got a silver rune of Zot
 64038 | Vaults:5 | Identified the cursed +1 dagger "Atis" {drain, rElec Str-2
                  | SInv} (You found it on level 5 of the Vaults)
 65348 | Slime:1  | Entered Level 1 of the Pits of Slime
 65542 | Slime:3  | Reached skill level 21 in Unarmed Combat
 65687 | Slime:5  | Entered Level 5 of the Pits of Slime
 65785 | Slime:5  | Noticed the Royal Jelly
 65791 | Slime:5  | Found a viscous altar of Jiyva.
 65800 | Slime:5  | Killed the Royal Jelly
 65947 | Slime:5  | Got a slimy rune of Zot
 65956 | Slime:5  | Identified the Guide on Aerial Companions
 66365 | Depths:1 | Entered Level 1 of the Depths
 66417 | Depths:1 | Found a gateway to a ziggurat.
 66425 | Depths:1 | Found a gateway to Hell.
 66552 | Depths:1 | Found Ryary's Book Shop.
 66567 | Depths:1 | Bought a manual of Fighting for 2318 gold pieces
 66621 | Depths:1 | Found a corrupted altar of Lugonu.
 66623 | Depths:1 | Found a one-way gate to the infinite horrors of the Abyss.
 66640 | Depths:1 | Noticed Bai Suzhen
 66648 | Depths:1 | Killed Bai Suzhen
 67012 | Depths:1 | Noticed Asterion
 67024 | Depths:1 | Killed Asterion
 67749 | Depths:2 | Reached skill level 10 in Dodging
 67944 | Depths:2 | Noticed a juggernaut
 67952 | Depths:2 | Killed a juggernaut
 67952 | Depths:2 | Reached XP level 26. HP: 257/257 MP: 15/32
 67956 | Depths:2 | Identified Kubehude's Last Incunabulum of the Archmage
 68742 | Depths:3 | Found a flickering gateway to a bazaar.
 68762 | Bazaar   | Entered a bazaar
 68762 | Bazaar   | Found Dairom's Distillery.
 68762 | Bazaar   | Found Esosudit's Antique Weapon Emporium.
 68780 | Bazaar   | Found Oxzueji's Antique Armour Boutique.
 68791 | Bazaar   | Found Omoss's Jewellery Shoppe.
 68811 | Bazaar   | Found Witiv's General Store.
 68835 | Bazaar   | Bought a potion of curing for 54 gold pieces
 68835 | Bazaar   | Bought a potion of might for 72 gold pieces
 68835 | Bazaar   | Bought a potion of cancellation for 144 gold pieces
 68835 | Bazaar   | Bought a potion of invisibility for 144 gold pieces
 68835 | Bazaar   | Bought a potion of mutation for 144 gold pieces
 68835 | Bazaar   | Bought a potion of heal wounds for 90 gold pieces
 68848 | Bazaar   | Bought a potion of cancellation for 152 gold pieces
 68848 | Bazaar   | Bought a box of beasts for 380 gold pieces
 69050 | Depths:3 | Found a runed translucent gate.
 69052 | Depths:3 | Found a runed translucent gate.
 69052 | Depths:3 | Found a runed translucent gate.
 69052 | Depths:3 | Noticed Yorgos's ghost (adept CeFi)
 69052 | Depths:3 | Noticed Liqia's ghost (veteran DsWn)
 69072 | Depths:3 | Killed Liqia's ghost
 69077 | Depths:3 | Killed Yorgos's ghost
 69208 | Depths:3 | Found a one-way gate leading to the halls of Pandemonium.
 69462 | Depths:3 | Reached skill level 15 in Shields
 69641 | Depths:3 | You fall into a shaft and drop 1 floor!
 69646 | Depths:4 | Reached skill level 15 in Fighting
 70702 | Depths:4 | Noticed an ancient lich
 70707 | Depths:4 | Killed an ancient lich
 70994 | Depths:4 | Reached skill level 22 in Unarmed Combat
 71210 | Depths:5 | Entered Level 5 of the Depths
 71851 | Depths:5 | Reached XP level 27. HP: 275/275 MP: 25/32
 72029 | Depths:5 | Found a gate to the Realm of Zot.
 72995 | Snake:1  | Learned a level 3 spell: Portal Projectile
 73416 | Elf:3    | Bought a wand of acid (11) for 184 gold pieces
 73416 | Elf:3    | Bought a wand of acid (9) for 184 gold pieces
 73416 | Elf:3    | Bought a potion of flight for 69 gold pieces
 73416 | Elf:3    | Bought a potion of mutation for 184 gold pieces
 73416 | Elf:3    | Bought a potion of curing for 69 gold pieces
 73536 | Elf:2    | Bought a box of beasts for 400 gold pieces
 73536 | Elf:2    | Bought a phantom mirror for 600 gold pieces
 73536 | Elf:2    | Bought a wand of digging (4) for 320 gold pieces
 73536 | Elf:2    | Bought a wand of enslavement (7) for 180 gold pieces
 73536 | Elf:2    | Bought a box of beasts for 400 gold pieces
 73536 | Elf:2    | Bought a box of beasts for 400 gold pieces
 73602 | Orc:2    | Bought a potion of might for 52 gold pieces
 73602 | Orc:2    | Bought a wand of iceblast (9) for 169 gold pieces
 74012 | D:13     | Bought a phantom mirror for 360 gold pieces
 74012 | D:13     | Bought a wand of digging (4) for 192 gold pieces
 74012 | D:13     | Bought a box of beasts for 240 gold pieces
 74012 | D:13     | Bought a box of beasts for 240 gold pieces
 74012 | D:13     | Bought a wand of acid (9) for 312 gold pieces
 74012 | D:13     | Bought a box of beasts for 240 gold pieces
 74045 | D:13     | Bought a box of beasts for 280 gold pieces
 74045 | D:13     | Bought a wand of clouds (6) for 420 gold pieces
 74045 | D:13     | Bought a wand of clouds (4) for 336 gold pieces
 74199 | Vaults:3 | Bought a scroll of teleportation for 45 gold pieces
 75013 | Zot:1    | Entered Level 1 of the Realm of Zot
 75039 | Depths:5 | Reached skill level 1 in Hexes
 75235 | Zot:1    | Reached skill level 1 in Evocations
 79003 | Zot:4    | Identified the ring of Cuneid {+Blink rPois rC+++ Dex-5
                  | Stlth+} (You found it on level 4 of the Realm of Zot)
 79122 | Zot:4    | Reached skill level 5 in Evocations
 79515 | Zot:5    | Entered Level 5 of the Realm of Zot
 79798 | Zot:5    | Reached skill level 23 in Unarmed Combat
 80408 | Zot:5    | Noticed an ancient lich
 80408 | Zot:5    | Noticed an ancient lich
 80503 | Zot:5    | Noticed an ancient lich
 80510 | Zot:5    | Killed an ancient lich
 80539 | Zot:5    | Killed an ancient lich
 80577 | Zot:5    | Noticed an ancient lich
 80581 | Zot:5    | Killed an ancient lich
 80692 | Zot:5    | Noticed an ancient lich
 80692 | Zot:5    | Noticed an ancient lich
 80692 | Zot:5    | Noticed an orb of fire
 80703 | Zot:5    | Killed an ancient lich
 80703 | Zot:5    | Gained mutation: Scrolls take you a little longer to read.
                  | [an orb of fire]
 80710 | Zot:5    | Killed an orb of fire
 80715 | Zot:5    | Noticed an ancient lich
 80722 | Zot:5    | Killed an ancient lich
 80727 | Zot:5    | Killed an ancient lich
 80734 | Zot:5    | Noticed an ancient lich
 80739 | Zot:5    | Killed an ancient lich
 80740 | Zot:5    | Noticed an ancient lich
 80747 | Zot:5    | Killed an ancient lich
 80887 | Zot:5    | Killed an ancient lich
 81351 | Zot:5    | Identified the +4 dragonskin cloak
 81351 | Zot:5    | Noticed Tiamat
 81390 | Zot:5    | Killed Tiamat
 81405 | Zot:5    | Noticed an orb of fire
 81408 | Zot:5    | Gained mutation: You are weak. (Str -2) [an orb of fire]
 81412 | Zot:5    | Killed an orb of fire
 81703 | Zot:5    | Noticed an orb of fire
 81706 | Zot:5    | Gained mutation: Scrolls take you longer to read. [an orb
                  | of fire]
 81712 | Zot:5    | Killed an orb of fire
 82676 | Zot:5    | Got the Orb of Zot
 83136 | D:7      | Noticed Pemmug the pandemonium lord
 83266 | D:$      | Escaped with the Orb!

Illustrated notes

Levels and vault maps discovered:
D:1:      dpeg_arrival_rooms_a, layout_basic
D:2:      layout_rooms
D:3:      minmay_chambers_of_threes, layout_basic, first_ration
D:4:      layout_cave_pools, lemuel_crystal_altar,
          nicolae_qazlal_general_emergency, minmay_temple_entry_gardened_gates,
          uniq_sigmund, uniq_ijyb, uniq_menkaure
D:5:      layout_loops_ring, gammafunk_temple_overflow_arena,
          old_standard_altar, basic_altar, serial_shops, shop, uniq_duvessa
D:6:      kennysheep_slugbush, layout_basic
D:7:      layout_loops_ring, marbit_many_paths, elyvilon_altar_3, basic_altar,
          lemuel_angel_altar, uniq_maggie
D:8:      layout_basic, uniq_harold
D:9:      layout_basic, minmay_lair_entry_grove, orc_0_dummy, the_bakery
D:10:     layout_roguey [special_room_bee], minivault_22, uniq_erica
D:11:     layout_cave_pods, minmay_misc_feat_x, wad_dig_loot
D:12:     layout_roguey
D:13:     layout_irregular_city, lightli_vaults_fourway_checkpoint,
          serial_shops, shop_coins, nicolae_shop_statue_plus, shop_fountains,
          shop, shop, kennysheep_dice, uniq_snorg, uniq_nessos, uniq_rupert
D:14:     layout_rooms, chequers_serial_rivers_micro_d, uniq_roxanne,
          uniq_josephine
D:15:     gammafunk_depths_entry_grave, layout_irregular_city, serial_bayou,
          serial_bayou_lake_a, serial_bayou_pond_e, serial_bayou_pond_e,
          serial_bayou_crossing
Lair:1:   layout_cave_pods, gauntlet_entry_generic, kennysheep_rathole,
          minmay_lair_oklob_chamber
Lair:2:   layout_regular_city, shoals_dummy_entry
Lair:3:   layout_small_grid, minmay_snake_entry_guardpost_small,
          cheibrodos_lair_lostbears, lemuel_fruit_fields,
          infiniplex_staircase_pool_2, grunt_megastairs_3, lemuel_fruit_tree,
          uniq_nergalle
Lair:4:   layout_roguey [special_room_mythical_zoo], uniq_urug
Lair:5:   layout_cave_pods, kennysheep_basilisk_garden, grunt_megastairs_1
Lair:6:   minmay_lair_end_enchanted_forest, layout_concentric_octagons,
          slime_altar_1
Shoals:1: layout_shoals, regret_index_shoals_crete, uniq_kirke, uniq_nikola
Shoals:2: layout_shoals
Shoals:3: layout_shoals, uniq_ilsuiw
Shoals:4: shoals_end_grunt_garden, layout_shoals, uniq_polyphemus, uniq_aizul
Snake:1:  layout_cave_shapes, grunt_ministairs_9, serial_bayou_ford_a,
          nicolae_snake_serpentine_hallways
Snake:2:  layout_cave_shapes, st_stairs_11, uniq_vashnia, uniq_frances,
          uniq_louise
Snake:3:  layout_misc_corridors, serial_shops, shop
Snake:4:  minmay_snake_end_coiled, layout_cave_town
Slime:1:  layout_caves
Slime:2:  layout_caves
Slime:3:  layout_caves
Slime:4:  cheibrodos_slime_lost_civilization_2, layout_caves
Slime:5
Orc:1:    layout_diamond_mine, serial_shops, shop_coins
Orc:2:    grunt_orc_cross, layout_caves, mines2_david
Elf:1:    eino_elf_arrival_shootout, layout_geoelf_diagonals,
          minmay_elf_necromancy, minivault_23, st_stairs_8, moated_statue
Elf:2:    layout_onion_city, serial_shops, shop, uniq_donald, uniq_azrael
Elf:3:    elf_hall_gauntlet_narrow, layout_onion_city, serial_shops, shop, shop
Vaults:1: hangedman_vaults_stretched_pinwheel, v_misc_26,
          nicolae_vaults_triangles, v_misc_14, v_misc_4, v_misc_18,
          grunt_vaults_hallway_short, nicolae_vaults_network_barrier,
          vaults_dpeg_hooks, layout_vaults_omnigrid
Vaults:2: v_alt_pattern_3, v_alt_pattern_5, minmay_crypt_entry_simple_corners,
          nicolae_vaults_disjoint_gnomons, v_alt_pattern_3,
          vaults_room_ringed_pool, nicolae_vaults_windows_and_doors_thing,
          v_misc_14, ontoclasm_vaults_decontamination,
          vaults_room_stairs_pillars, nicolae_vaults_diagonal_hallway_9,
          v_misc_16, v_misc_14, nicolae_vaults_little_squares_3,
          layout_vaults_omnicross, uniq_boris
Vaults:3: v_misc_15, v_misc_5, hangedman_vaults_pinch, vaults_mumra_hex,
          v_misc_10, v_misc_9, layout_vaults_chaotic_city, serial_shops, shop,
          portal_desolation_entry_salt
Vaults:4: nicolae_vaults_specimen_jars, v_misc_22, ontoclasm_vaults_hangar,
          nicolae_vaults_border_crossing, st_greater_box_4,
          ontoclasm_vaults_twist, vaults_standard_mumra_lines,
          hangedman_vaults_slice, vaults_room_hallway,
          ontoclasm_vaults_loading_screen, layout_vaults_maze_snakey,
          serial_shops, nicolae_shop_overgrown_old_shop, uniq_mara
Vaults:5: uniq_mennas, uniq_xtahua, uniq_margery
Crypt:1:  layout_gridlike
Crypt:2:  layout_misc_corridors, basic_altar, minivault_4
Crypt:3:  cryptofortress_bobbens
Depths:1: layout_cave_shapes, enter_ziggurat_c, hangedman_coc_ice_floe,
          abyss_entry_flame_altar, serial_shops, shop_coins, grunt_ministairs_8,
          minmay_crystal_water, corner_web_ring, nicolae_water_bricks,
          kennysheep_nondescript, hangedman_decor_diamond_cutter,
          grunt_decor_fettered, serial_bayou_lagoon_a, drop_trap,
          lemuel_flamethrower_2, uniq_asterion, uniq_bai_suzhen
Depths:2: minmay_the_grid_octo_2x2 [minmay_the_grid_octo_fan_narrow,
          minmay_the_grid_octo_concentric, minmay_the_grid_octo_clover_2,
          minmay_the_grid_octo_prize_single_spiral], layout_gridlike,
          chequers_jeans, hell_entry, infiniplex_staircase_zigzag_3,
          serial_bayou_shore_b
Depths:3: kennysheep_blocky_room, layout_cave_shapes, gammafunk_ghost_cemetery,
          serial_shops, bzr_entry_islet, minmay_misc_feat_roman,
          grunt_pan_entry_in_and_out, hangedman_tar_grid_catacomb
Depths:4: hangedman_crystal_crosses_colossus [crystal_crosses_arms_four,
          crystal_crosses_arms_two, crystal_crosses_arms_one,
          crystal_crosses_arms_one], abyss_entry, hell_entry
Depths:5: grunt_zot_entry_hairpin, layout_cave_shapes, minmay_strange_pillars,
          hell_entry, minmay_variable_closet, minmay_misc_feat_alley
Zot:1:    layout_misc_corridors, st_single_dragon_hoard_1,
          st_single_dragon_hoard_3
Zot:2:    layout_concentric_octagons
Zot:3:    layout_gridlike, grunt_megastairs_2, lemuel_elevator
Zot:4:    layout_gridville
Zot:5:    layout_twisted_circle, grunt_ministairs_1, uniq_tiamat

Skill      XL: |  1  2  3  4  5  6  7  8  9 10 11 12 13 14 15 16 17 18 19 20 21 22 23 24 25 26 27 |
---------------+----------------------------------------------------------------------------------+-----
Invocations    | 2 3 4 5 6 7 8 9 10 11 12 13 14 | 14.0
Unarmed Combat | 3 4 5 6 7 9 11 12 13 14 15 16 17 18 19 20 21 22 23 | 23.6
Fighting       | 3 4 5 6 7 8 9 10 11 12 14 16 19 | 19.6
Throwing       | 1 2 3 4 5 6 7 9 10 11 12 13 14 16 17 21 | 21.1
Dodging        | 3 5 6 8 9 10 11 14 | 14.0
Earth Magic    | 1 6 10 13 14 | 14.0
Transmutations | 1 4 6 8 10 11 | 11.0
Spellcasting   | 2 3 4 5 |  5.0
Shields        | 4 7 8 9 11 13 14 15 | 15.0
Translocations | 1 3 5 7 |  7.0
Necromancy     | 4 7 8 9 |  9.0
Hexes          | 4 |  4.0
Evocations     | 8 |  8.0

Action                   |  1- 3 |  4- 6 |  7- 9 | 10-12 | 13-15 | 16-18 | 19-21 | 22-24 | 25-27 || total
-------------------------+-------+-------+-------+-------+-------+-------+-------+-------+-------++-------
Melee: Unarmed           |    79 |    95 |   280 |   658 |  1460 |  1124 |  1123 |  1122 |  1485 ||  7426
       Punch             |       |     2 |     6 |    39 |   108 |    58 |       |       |       ||   213
       Staff             |       |       |       |       |       |     3 |       |       |       ||     3
 Fire: Hunting sling     |    29 |    74 |   124 |       |       |       |       |       |       ||   227
Throw: Stone             |     5 |       |       |     7 |     9 |       |       |       |       ||    21
       Javelin           |       |     6 |    12 |     8 |    13 |    17 |    24 |    35 |    24 ||   139
       Dart              |       |     2 |     3 |    53 |    36 |     3 |     3 |     7 |     2 ||   109
       Boomerang         |       |     2 |    10 |    27 |    16 |    16 |    58 |    12 |     5 ||   146
       Large rock        |       |       |       |       |       |       |       |    44 |   109 ||   153
       Throwing net      |       |       |       |       |       |       |       |       |     2 ||     2
 Cast: Petrify           |       |       |       |       |     8 |       |       |    10 |       ||    18
       Statue Form       |       |       |       |       |       |    86 |    84 |    84 |   134 ||   388
       Blink             |       |       |       |       |       |     5 |     2 |    11 |    16 ||    34
       Apportation       |       |       |       |       |       |     2 |       |    22 |    56 ||    80
       Borgnjor's Vile C |       |       |       |       |       |       |    19 |    57 |   123 ||   199
       Sticks to Snakes  |       |       |       |       |       |       |     2 |       |       ||     2
       Passwall          |       |       |       |       |       |       |       |     7 |     3 ||    10
       Passage of Golubr |       |       |       |       |       |       |       |     9 |       ||     9
       Lesser Beckoning  |       |       |       |       |       |       |       |       |    71 ||    71
       Portal Projectile |       |       |       |       |       |       |       |       |     1 ||     1
Invok: Banish            |       |       |     4 |    10 |     2 |     4 |     2 |    10 |    11 ||    43
       Bend Space        |       |       |       |     5 |       |       |       |       |     1 ||     6
       Corrupt           |       |       |       |     1 |       |       |       |       |       ||     1
       Depart the Abyss  |       |       |       |       |       |     1 |       |     1 |       ||     2
       Enter the Abyss   |       |       |       |       |       |       |       |     2 |       ||     2
 Abil: End Transformatio |       |       |       |       |       |       |     2 |     2 |    20 ||    24
Evoke: Wand              |       |       |     2 |       |     5 |    10 |     2 |     3 |     4 ||    26
       Phial of floods   |       |       |       |       |       |       |     1 |       |       ||     1
  Use: Scroll            |     5 |     4 |     9 |     7 |     8 |    10 |     3 |     8 |    14 ||    68
       Potion            |     2 |     3 |     2 |     2 |     1 |     3 |     1 |     2 |    11 ||    27
 Stab: Sleeping          |     1 |       |       |       |       |       |       |       |     2 ||     3
       Invisible         |       |       |       |     1 |       |     4 |       |       |       ||     5
       Petrified         |       |       |       |       |    20 |       |       |    13 |       ||    33
       Distracted        |       |       |       |       |       |     1 |       |       |       ||     1
  Eat: Ration            |     1 |     2 |     6 |    10 |    17 |    17 |    13 |    13 |    27 ||   106
Armor: Robe              |    33 |    31 |    40 |   129 |   368 |   113 |    15 |    13 |     8 ||   750
       Skin              |       |     1 |     2 |       |       |   668 |   518 |   473 |   417 ||  2079
       Steam dragon scal |       |       |    45 |    56 |       |       |       |       |       ||   101
Dodge: Dodged            |    23 |    42 |   136 |   431 |   582 |   602 |   350 |   362 |   379 ||  2907
Block: Tower shield      |       |       |       |       |   105 |       |       |   853 |  1857 ||  2815
       Kite shield       |       |       |       |       |       |   286 |   825 |   493 |       ||  1604
       Reflection        |       |       |       |       |       |       |    49 |   112 |    78 ||   239

Table legend:
 A = Non-vault XP
 B = Vault XP
 C = Vault XP percentage of total XP
 D = Non-vault monster count
 E = Vault monster count
 F = Vault count percentage of total count
                 A         B        C        D         E       F
            +---------+---------+-------+---------+---------+-------
      Total | 1096154 | 1038950 |  48.7 |    1810 |    1052 |  36.8
            +---------+---------+-------+---------+---------+-------
        D:1 |      42 |       0 |   0.0 |      23 |       0 |   0.0
        D:2 |      87 |       0 |   0.0 |      29 |       0 |   0.0
        D:3 |     160 |      55 |  25.6 |      27 |      12 |  30.8
        D:4 |     145 |     416 |  74.2 |       6 |       3 |  33.3
        D:5 |     433 |     593 |  57.8 |      13 |       7 |  35.0
        D:6 |     758 |      32 |   4.1 |      19 |       8 |  29.6
        D:7 |     773 |     409 |  34.6 |      23 |       1 |   4.2
        D:8 |    2859 |     976 |  25.4 |      31 |       1 |   3.1
        D:9 |    3821 |    1645 |  30.1 |      36 |      13 |  26.5
       D:10 |    1633 |    2764 |  62.9 |      18 |      27 |  60.0
       D:11 |    1292 |      35 |   2.6 |      24 |       2 |   7.7
       D:12 |    2947 |    1981 |  40.2 |      25 |       3 |  10.7
       D:13 |    9201 |    8613 |  48.3 |      31 |      13 |  29.5
       D:14 |    9225 |    3725 |  28.8 |      33 |       5 |  13.2
       D:15 |    4920 |    5639 |  53.4 |      14 |       8 |  36.4
     Lair:1 |    6196 |    1195 |  16.2 |      27 |      11 |  28.9
     Lair:2 |    5906 |       0 |   0.0 |      25 |       0 |   0.0
     Lair:3 |    7950 |    3557 |  30.9 |      21 |      14 |  40.0
     Lair:4 |    6299 |    7264 |  53.6 |      26 |      27 |  50.9
     Lair:5 |    3373 |     913 |  21.3 |      15 |       5 |  25.0
     Lair:6 |    9887 |    8463 |  46.1 |      35 |      46 |  56.8
   Shoals:1 |    8220 |   15173 |  64.9 |      22 |      22 |  50.0
   Shoals:2 |   13970 |       0 |   0.0 |      26 |       0 |   0.0
   Shoals:3 |   16463 |    3666 |  18.2 |      31 |       4 |  11.4
   Shoals:4 |   15530 |   26322 |  62.9 |      27 |      34 |  55.7
    Snake:1 |   27208 |    2694 |   9.0 |      58 |       4 |   6.5
    Snake:2 |   11879 |   11486 |  49.2 |      18 |       8 |  30.8
    Snake:3 |   22600 |       0 |   0.0 |      40 |       0 |   0.0
    Snake:4 |   23413 |   24425 |  51.1 |      48 |      42 |  46.7
    Slime:1 |    7973 |       0 |   0.0 |      12 |       0 |   0.0
    Slime:2 |    4204 |       0 |   0.0 |       7 |       0 |   0.0
    Slime:3 |    5560 |       0 |   0.0 |      12 |       0 |   0.0
    Slime:4 |    7126 |       0 |   0.0 |      11 |       0 |   0.0
    Slime:5 |    7656 |   31837 |  80.6 |      13 |      10 |  43.5
      Orc:1 |    3768 |     556 |  12.9 |      25 |       3 |  10.7
      Orc:2 |    3151 |   11165 |  78.0 |      41 |      41 |  50.0
      Elf:1 |   21117 |    5322 |  20.1 |      36 |      14 |  28.0
      Elf:2 |   26555 |    3835 |  12.6 |      42 |       7 |  14.3
      Elf:3 |   20257 |   32573 |  61.7 |      34 |      22 |  39.3
   Vaults:1 |   27741 |    6620 |  19.3 |      53 |      14 |  20.9
   Vaults:2 |   29180 |   21631 |  42.6 |      42 |      29 |  40.8
   Vaults:3 |   43203 |   21852 |  33.6 |      56 |      27 |  32.5
   Vaults:4 |   48994 |  108875 |  69.0 |      70 |      85 |  54.8
   Vaults:5 |   27705 |  102821 |  78.8 |      31 |      62 |  66.7
    Crypt:1 |   29457 |       0 |   0.0 |      42 |       0 |   0.0
    Crypt:2 |   35781 |       0 |   0.0 |      47 |       0 |   0.0
    Crypt:3 |    4970 |   63856 |  92.8 |       1 |      87 |  98.9
   Depths:1 |   26340 |    9369 |  26.2 |      34 |       5 |  12.8
   Depths:2 |   30309 |   31707 |  51.1 |      36 |      22 |  37.9
   Depths:3 |   32834 |   17906 |  35.3 |      42 |      24 |  36.4
   Depths:4 |       0 |   83515 | 100.0 |       0 |      56 | 100.0
   Depths:5 |   64873 |   25710 |  28.4 |      57 |      15 |  20.8
      Zot:1 |   84289 |    8327 |   9.0 |      50 |       2 |   3.8
      Zot:2 |   58785 |    2690 |   4.4 |      41 |       1 |   2.4
      Zot:3 |   70726 |    8401 |  10.6 |      44 |       4 |   8.3
      Zot:4 |   21798 |       0 |   0.0 |      12 |       0 |   0.0
      Zot:5 |   88111 |  237771 |  73.0 |      50 |      67 |  57.3
    Abyss:1 |   17380 |    3729 |  17.7 |      25 |       3 |  10.7
    Abyss:2 |    4454 |       0 |   0.0 |      11 |       0 |   0.0
    Abyss:3 |   24408 |    7530 |  23.6 |      61 |      16 |  20.8
 Desolation |       0 |   56229 | 100.0 |       0 |     107 | 100.0
   Gauntlet |     259 |    3082 |  92.2 |       1 |       9 |  90.0
            +---------+---------+-------+---------+---------+-------
